 Dungeon Crawl Stone Soup version 0.28.0-53-g5a82cb258f (webtiles) character file.

Game seed: 14043086524690298742

130 jjjjhere the Chopper (level 4, 0/36 HPs)
             Began as a Minotaur Fighter on Aug 20, 2022.
             Was a Plaything of Xom.
             Slain by Robin
             ... wielding a +0 spear
              (5 damage)
             ... on level 2 of the Dungeon.
             The game lasted 00:01:30 (1456 turns).

jjjjhere the Chopper (Minotaur Fighter)             Turns: 1456, Time: 00:01:31

Health: 0/36       AC:  6    Str: 23    XL:     4   Next: 89%
Magic:  3/3        EV:  9    Int:  3    God:    Xom [....*.]
Gold:   52         SH:  4    Dex:  9    Spells: 3/3 levels left

rFire   . . .      SeeInvis .   a - +0 war axe
rCold   . . .      Faith    .   c - +0 buckler
rNeg    . . .      Spirit   .   b - +0 scale mail
rPois   +          Reflect  .   (helmet restricted)
rElec   .          Harm     .   (no cloak)
rCorr   .          Rampage  .   (no gloves)
Will    .....                   (no boots)
Stlth   ..........              (no amulet)
HPRegen 0.12/turn               k - ring of poison resistance
MPRegen 0.08/turn               (no ring)

@: no status effects
A: horns 2, retaliatory headbutt, dopey 1, frail 1
a: Renounce Religion


You were on level 2 of the Dungeon.
You worshipped Xom.
You were a beloved toy of Xom.
You visited 1 branch of the dungeon, and saw 2 of its levels.

You collected 52 gold pieces.

Inventory:

Hand Weapons
 a - a +0 war axe (weapon)
Armour
 b - a +0 scale mail (worn)
 c - a +0 buckler (worn)
Jewellery
 k - a ring of poison resistance (left hand)
Scrolls
 e - a scroll of teleportation {unknown}
 f - 2 scrolls of identify {unknown}
 g - a scroll of enchant armour {unknown}
 h - a scroll of immolation {unknown}
 i - a scroll of blinking {unknown}
 l - a scroll of vulnerability {unknown}
Potions
 d - 2 potions of might
 j - 2 potions of curing {unknown}
 m - a potion of attraction {unknown}


   Skills:
 + Level 4.6 Fighting
 * Level 4.7 Axes
 - Level 3.6 Armour
 + Level 4.6 Shields


You had 3 spell levels left.
You didn't know any spells.
Your spell library was empty.

Dungeon Overview and Level Annotations

Branches:
Dungeon (2/15)

Altars:
Xom

Shops:
D:2 :

Annotations:
D:2 Robin


Innate Abilities, Weirdness & Mutations

You have a pair of horns on your head.
You reflexively headbutt those who attack you in melee.
You are dopey. (Int -2)
You are frail. (-10% HP)


Message History

The goblin is moderately wounded.
Robin throws the goblin at you! The goblin hits you but does no damage.
The goblin hits you with a +0 dagger. The goblin hits you but does no damage.
You are too injured to fight recklessly!
You are too injured to fight recklessly!
You are too injured to fight recklessly!
You completely miss the goblin. You hit the goblin but do no damage.
The goblin hits you but does no damage. The goblin hits you with a +0 club.
You hit the goblin but do no damage. Your headbutt misses the goblin.
You barely miss the goblin. The goblin hits you with a +0 dagger.
The goblin closely misses you.
A goblin comes into view. It is wielding a +0 club.
The goblin hits you but does no damage.
You hit the goblin.
The goblin is heavily wounded.
You hit the goblin.
You kill the goblin!
Robin hits you from afar with a +0 spear.
You block the goblin's attack.
Robin hits you from afar with a +0 spear.
You closely miss the goblin.
The goblin is heavily wounded.
You closely miss the goblin. The goblin hits you but does no damage.
The goblin closely misses you.
You barely miss the goblin. Your headbutt misses the goblin.
The goblin is heavily wounded.
You hit the goblin. The goblin hits you with a +0 club.
* * * LOW HITPOINT WARNING * * *
The goblin hits you with a +0 dagger.
* * * LOW HITPOINT WARNING * * *
Robin hits you but does no damage. The goblin completely misses you.
You furiously retaliate!
You headbutt the goblin, but do no damage.
You barely miss the goblin. Your headbutt misses the goblin.
The goblin is heavily wounded.
You hit the goblin.
You kill the goblin!
The goblin hits you but does no damage.
Robin hits you from afar with a +0 spear.
You die...

# #.# ##.##########
#.# #.g)@g......#
#.# #
#..###...##.#####.#
# #.
#...........#.### #
##...##.##.......
##..##.##.##.###
#.........##....
#....#.#..#..###
#...##.#..#..###
####.......###..##.


You could see Robin and a goblin (strong).

Vanquished Creatures
  Jessica (D:2)
  Natasha (twice) (D:2)
  An adder (D:2)
  3 dart slugs (D:1)
  2 endoplasms
  2 giant cockroaches
  9 goblins
  6 hobgoblins
  2 jackals (D:1)
  A quokka (D:1)
  2 ball pythons
  A bat (D:1)
  3 frilled lizards (D:1)
  3 kobolds (D:1)
  2 rats
40 creatures vanquished.

Notes
Turn   | Place    | Note
-------+----------+-------------------------------------------
     0 | D:1      | jjjjhere the Minotaur Fighter began the quest for the Orb.
     0 | D:1      | Reached XP level 1. HP: 19/19 MP: 0/0
   110 | D:1      | Found a faded altar of an unknown god.
   131 | D:1      | Prayed at the altar of an unknown god.
   131 | D:1      | Became a worshipper of Xom of Chaos
   137 | D:1      | XOM: silly message
   139 | D:1      | Reached XP level 2. HP: 22/27 MP: 1/1
   211 | D:1      | XOM: polymorph hobgoblin -> giant cockroach
   312 | D:1      | XOM: cloud trail
   505 | D:1      | XOM: give mutations
   505 | D:1      | Gained mutation: You are frail. (-10% HP) [Xom's mischief]
   505 | D:1      | Gained mutation: You sometimes lose the ability to read
                  | scrolls when taking damage. [Xom's mischief]
   505 | D:1      | Lost mutation: You sometimes lose the ability to read
                  | scrolls when taking damage. [Xom's mischief]
   505 | D:1      | Gained mutation: You are dopey. (Int -2) [Xom's mischief]
   722 | D:2      | Reached XP level 3. HP: 29/29 MP: 2/2
   859 | D:2      | Noticed Natasha
   863 | D:2      | XOM: smoke on damage
   867 | D:2      | Killed Natasha
  1042 | D:2      | Reached XP level 4. HP: 36/36 MP: 3/3
  1152 | D:2      | Noticed Natasha
  1158 | D:2      | Killed Natasha
  1212 | D:2      | Noticed Jessica
  1212 | D:2      | XOM: divination: detect items
  1215 | D:2      | XOM: enchant monster (bad)
  1219 | D:2      | Killed Jessica
  1319 | D:2      | Found Goipoqik's Book Shop.
  1446 | D:2      | Noticed Robin
  1453 | D:2      | HP: 11/36 [Robin/+0 spear (2)]
  1455 | D:2      | HP: 5/36 [goblin/+0 dagger[Robin] (3)]
  1456 | D:2      | Slain by Robin

Illustrated notes

Levels and vault maps discovered:
D:1:      co_arrival_square_in_a_square_in_a_square, layout_rooms,
          ebering_ecumenical_altar_webs
D:2:      layout_loops_ring, serial_shops, nicolae_shop_window_shopping,
          chequers_serial_rivers_micro_b, uniq_natasha, uniq_robin, uniq_jessica

Skill      XL: |  1  2  3 |
---------------+----------+-----
Axes           | 3 4 |  4.7
Shields        | 4 |  4.6
Fighting       | 4 |  4.6
Armour         | |  3.6

Action                   |  1- 3 |  4- 6 || total
-------------------------+-------+-------++-------
Melee: War axe           |    58 |    32 ||    90
       Headbutt          |     8 |     3 ||    11
Armor: Scale mail        |    19 |    13 ||    32
Dodge: Dodged            |    32 |    15 ||    47
Block: Buckler           |     9 |     6 ||    15
